 Dungeon Crawl Stone Soup version 0.31.0-11-ge490571c62 (webtiles) character file.

Game seed: 3330655363017713945

102 mopl the Sneak (level 4, -3/49 HPs)
             Began as a Draconian Enchanter on Feb 10, 2024.
             Killed from afar by an orc wizard (8 damage)
             ... with a magic dart
             ... on level 2 of the Dungeon.
             The game lasted 00:02:48 (1792 turns).

mopl the Sneak (Draconian Enchanter)                Turns: 1792, Time: 00:02:49

Health: -3/49      AC: 22    Str: 10    XL:     4   Next: 49%
Magic:  3/8        EV:  2    Int: 17    God:
Gold:   177        SH:  0    Dex: 12    Spells: 0/8 levels left

rFire   . . .        a - +1 dagger (holy)
rCold   . . .        (no shield)
rNeg    . . .        (body armour unavailable)
rPois   +            (helmet currently unavailable)
rElec   .            (cloak currently unavailable)
rCorr   .            d - melded +0 pair of gloves
SInv    .            (boots currently unavailable)
Will    .....        (no amulet)
Stlth   ++           (no ring)
HPRegen 0.28/turn    (no ring)
MPRegen 0.11/turn

%: no passive effects
@: tree-form
A: stationary, stasis, torment immunity, boosted hp, AC +5, unfitting armour,
(cold-blooded)
a: no special abilities


You were on level 2 of the Dungeon.
You were a tree.
You visited 1 branch of the dungeon, and saw 3 of its levels.

You collected 177 gold pieces.

Inventory:

Hand Weapons
 a - a +1 dagger of holy wrath (weapon)
Missiles
 g - 3 poisoned darts
 q - 6 javelins
Armour
 d - a +0 pair of gloves (melded)
Scrolls
 e - 2 scrolls of identify {unknown}
 i - a scroll of fog {unknown}
 l - a scroll of brand weapon {unknown}
 m - a scroll of torment {unknown}
 o - a scroll of fear {unknown}
 p - a scroll of enchant weapon {unknown}
 r - a scroll of immolation {unknown}
Potions
 b - 2 potions of invisibility
 c - a potion of might {unknown}
 f - a potion of lignification
 h - 2 potions of heal wounds {unknown}
 j - a potion of degeneration {unknown}
 k - a potion of brilliance {unknown}
 n - a potion of magic {unknown}


   Skills:
 + Level 1.8 Short Blades
 - Level 1.7 Dodging
 * Level 3.6 Stealth
 * Level 2.8 Spellcasting
 * Level 3.3 Hexes


You couldn't memorise any spells.
You knew the following spells:

 Your Spells              Type           Power      Damage    Failure   Level
b - Ensorcelled Hibernat  Hex/Ice        16%        N/A       14%         2
c - Confusing Touch       Hex            13%        N/A       14%         3
d - Tukima's Dance        Hex            13%        N/A       14%         3

Your spell library contained the following spells:

 Spells                   Type           Power      Damage    Failure   Level
 Dazzling Flash           Conj/Hex       16%        N/A       26%         3
 Gell's Gravitas          Tloc           2%         N/A       47%         3
 Teleport Other           Tloc           2%         N/A       47%         3
 Dispersal                Tloc           1%         N/A       100%        6


Dungeon Overview and Level Annotations

Branches:
Dungeon (3/15)

Altars:
Qazlal
Uskayaw


Innate Abilities, Weirdness & Mutations

You are a tree.
Your roots penetrate the ground, keeping you stationary.
You cannot be teleported.
You are immune to unholy pain and torment.
Your maximum health is greatly increased.
Your equipment is partially melded.
((Your plain brown scales are hard. (AC +5)))
You cannot fit into any form of body armour.
((You are cold-blooded and may be slowed by cold attacks.))


Message History

Deactivating autopickup; reactivate with Ctrl-A.
You hit something but do no damage. Something hits you.
You closely miss something.
Your tail-slap misses something.
Something hits you.
* * * LOW HITPOINT WARNING * * *
You hit something. Something hits you but does no damage.
You miss something.
Your tail-slap misses something.
Something hits you but does no damage.
You miss something. You tail-slap something. Something hits you.
* * * LOW HITPOINT WARNING * * *
You closely miss something. Something hits you but does no damage.
It was a potion of lignification.
You turn into a tree.
Your +0 pair of gloves melds into your body.
Your roots penetrate the ground.
Something hits you.
* * * LOW HITPOINT WARNING * * *
You closely miss something. Something hits you but does no damage.
You closely miss something.
You hear some strange, mumbled words.
You are confused.
You swing at nothing.
You hear some strange, mumbled words.
A magic dart appears from out of thin air!
The magic dart hits you.
* * * LOW HITPOINT WARNING * * *
You closely miss something.
You swing at nothing.
Something hits you but does no damage.
You swing at nothing.
Something hits you but does no damage.
You barely miss something. Something hits you but does no damage.
You miss something.
You feel less confused. Something hits you but does no damage.
You miss something. Something hits you but does no damage.
You closely miss something. Something hits you.
* * * LOW HITPOINT WARNING * * *
You barely miss something. Something hits you but does no damage.
You hit something.
You hear some strange, mumbled words.
A magic dart appears from out of thin air!
The magic dart hits you!
You die...

######.###.#.#.#.#.#....#........
#### #.#.......................##
...###.#...#.#######[#.........#
.......#.^.....................#
##.#####.####.######+#######...#
#.# #.# #.##.......# #...#
#.#####.####.##[......# #...#
#....##.#.....>.......# #...#
#....##+#....).♣......#####...##
#..............{......'.........
#...........#.........#####.####
#.............###'#'### #.....
#.###...........#.####### ######
#.# #.......###.#.......# #.....
#.# ######..# #.###########.####
#.# #..# #...[...#.....# # #.#
#..# #.......#.##### #


There were no monsters in sight!

Vanquished Creatures
  A bombardier beetle (D:3)
  A dart slug (D:3)
  A ribbon worm (D:3)
  2 orcs (D:2)
  3 endoplasms
  5 giant cockroaches
  3 goblins (D:1)
  8 hobgoblins
  2 jackals (D:1)
  8 kobolds
  3 quokkas (D:1)
  7 ball pythons
  4 bats
  6 frilled lizards
  5 rats
  A spectral hobgoblin (D:2)
60 creatures vanquished.

Notes
Turn   | Place    | Note
-------+----------+-------------------------------------------
     0 | D:1      | mopl the Draconian Enchanter began the quest for the Orb.
     0 | D:1      | Reached XP level 1. HP: 14/14 MP: 3/3
   109 | D:1      | Reached XP level 2. HP: 12/20 MP: 5/5
   160 | D:1      | Learned a level 2 spell: Ensorcelled Hibernation
   311 | D:1      | Reached XP level 3. HP: 15/26 MP: 6/6
   329 | D:1      | Learned a level 3 spell: Confusing Touch
  1004 | D:2      | Found a faded altar of an unknown god.
  1353 | D:3      | Found a hide-covered altar of Uskayaw.
  1377 | D:3      | Reached XP level 4. HP: 33/33 MP: 6/8
  1381 | D:3      | Learned a level 3 spell: Tukima's Dance
  1544 | D:3      | Found a stormy altar of Qazlal.
  1792 | D:2      | Killed from afar by an orc wizard

Illustrated notes

Levels and vault maps discovered:
D:1:      erik_arrival_triangle_huge, layout_rooms, minmay_cut_off
D:2:      layout_basic, dreamdust_ecumenical_altar_drowned_temple
D:3:      layout_loops_corners, nicolae_uskayaw_murder_on_the_dancefloor,
          mainiacjoe_overflow_small_starburst

Skill      XL: |  1  2 |
---------------+-------+-----
Stealth        | 3 |  3.6
Hexes          | 3 |  3.3
Short Blades   | |  1.8
Dodging        | |  1.7
Spellcasting   | |  2.8

Action                     |  1- 3 |  4- 6 || total
---------------------------+-------+-------++-------
  Melee: Dagger            |   188 |    63 ||   251
         Tailslap          |    29 |     4 ||    33
         Punch             |     3 |       ||     3
   Cast: Ensorcelled Hiber |       |    10 ||    10
    Use: Potion            |       |     1 ||     1
   Stab: Sleeping          |     4 |     1 ||     5
 Armour: Skin              |    99 |    58 ||   157
  Dodge: Dodged            |   115 |    27 ||   142
